 Dungeon Crawl Stone Soup version 0.30.0-17-ge0270778cf (webtiles) character file.

Game seed: 8429958995302501179

119 DemonSlayer the Digger (level 4, -4/32 HPs)
             Began as a Demonspawn Earth Elementalist on May 21, 2023.
             Slain by a scorpion (6 damage)
             ... on level 3 of the Dungeon.
             The game lasted 00:04:10 (2335 turns).

DemonSlayer the Digger (DsEE)                       Turns: 2335, Time: 00:04:12

Health: -4/32      AC:  5    Str:  9    XL:     4   Next: 74%
Magic:  1/9        EV:  9    Int: 16    God:
Gold:   136        SH:  0    Dex: 15    Spells: 5/9 levels left

rFire   + . .        c - +0 dagger
rCold   + . .        (no shield)
rNeg    . . .        a - +0 robe
rPois   +            g - +0 helmet
rElec   +            (no cloak)
rCorr   +            (no gloves)
SInv    .            (no boots)
Will    .....        (no amulet)
Stlth   ++           (no ring)
HPRegen 0.25/turn    (no ring)
MPRegen 0.11/turn

%: no passive effects
@: lethally poisoned (-4 -> -25), resistant, constricted
A: hooves 1, yellow scales 1, demonic guardian 1
a: no special abilities


You were on level 3 of the Dungeon.
You visited 1 branch of the dungeon, and saw 3 of its levels.

You collected 136 gold pieces.

Inventory:

Hand Weapons
 c - a +0 dagger (weapon)
Armour
 a - a +0 robe (worn)
 g - a +0 helmet (worn)
Wands
 b - a wand of polymorph (1)
Scrolls
 d - a scroll of immolation
 e - a scroll of identify
Potions
 h - a potion of cancellation


   Skills:
 + Level 1.0 Fighting
 + Level 2.1 Dodging
 + Level 2.0 Stealth
 + Level 0.1 Unarmed Combat
 + Level 3.3 Spellcasting
 + Level 0.8 Transmutations
 + Level 3.6 Earth Magic


You had 5 spell levels left.
You knew the following spells:

 Your Spells              Type           Power      Damage    Failure   Level
a - Sandblast             Erth           28%        2d8       4%          1
b - Stone Arrow           Conj/Erth      16%        3d8       26%         3

Your spell library contained the following spells:

 Spells                   Type           Power      Damage    Failure   Level
 Passwall                 Tmut/Erth      7%         N/A       11%         2
 Petrify                  Tmut/Erth      9%         N/A       56%         4


Dungeon Overview and Level Annotations

Branches:
Dungeon (3/15)

Altars:

Shops:
D:1 !


Innate Abilities, Weirdness & Mutations

You have large cloven feet.
You are partially covered in yellow scales. (AC +2)
A weak demonic guardian rushes to your aid.


Message History

The ball python closely misses you. x2; The scorpion barely misses you.
The scorpion closely misses you. The ball python closely misses you. x2
Casting: Stone Arrow (quite dangerous; 26% risk of failure)
Confirm with . or Enter, or press ? or * to list all spells.
You don't have enough magic to cast this spell.
The blast of sand hits the scorpion!
The scorpion is severely wounded.
The ball python barely misses you. x2
The scorpion stings you but does no damage.
The hobgoblin barely misses you.
The blast of sand hits the scorpion but does no damage.
The scorpion is severely wounded.
The ball python bites you but does no damage.
The ball python closely misses you. The scorpion barely misses you.
The ball python misses you. The ball python closely misses you.
The scorpion completely misses you. The hobgoblin hits you.
You hit the scorpion but do no damage.
The scorpion is severely wounded.
The ball python bites you. The ball python barely misses you.
The scorpion stings you.
You are poisoned.
The scorpion poisons you! The hobgoblin misses you.
You barely miss the scorpion.
The scorpion is severely wounded.
You feel very sick.
The ball python barely misses you. x2; The scorpion stings you.
You are more poisoned.
The scorpion poisons you! The hobgoblin hits you. The scorpion stings you.
You are more poisoned.
The scorpion poisons you!
The ball python bites you but does no damage.
The ball python grabs you. The ball python constricts you.
You feel protected.
* * * LOW HITPOINT WARNING * * *
You feel extremely sick. The hobgoblin hits you.
* * * LOW HITPOINT WARNING * * *
A demonic guardian appears!
The ball python barely misses you. The ball python constricts you.
The scorpion stings you.
You die...

..##.#... ..
.......###.###
#...........
#...###...#..#.## #
.........##.... ....#
##..#..## . .
#.#.####.....5.## ...
.##.#.##....#.#..g#...#
..#.#.#..##...##@s?..#
#.......###...###S.[##
###....##.....# .$..#
#...###.#.#.# .#...#
##.#.....†.#.. ###....
#..#.#....###.. #..#
##..).#....# ... .##
.........#..# #
....##..###....


You could see a scorpion, a hobgoblin (ally target), a ball python and a
friendly white imp (summoned).

Vanquished Creatures
  3 gnolls (D:2)
  4 adders
  A worm (D:2)
  An orc (D:3)
  6 ball pythons
  3 bats
  4 endoplasms
  2 giant cockroaches
  5 goblins
  9 hobgoblins
  A quokka (D:2)
  4 frilled lizards
  2 kobolds (D:1)
  5 rats
50 creatures vanquished.

Notes
Turn   | Place    | Note
-------+----------+-------------------------------------------
     0 | D:1      | DemonSlayer the Demonspawn Earth Elementalist began the
                  | quest for the Orb.
     0 | D:1      | Reached XP level 1. HP: 13/13 MP: 3/3
   206 | D:1      | Found Situas's Distillery.
   261 | D:1      | Gained mutation: You have large cloven feet. [demonic
                  | ancestry]
   261 | D:1      | Reached XP level 2. HP: 14/19 MP: 0/5
   725 | D:1      | Found a faded altar of an unknown god.
  1190 | D:2      | Gained mutation: A weak demonic guardian rushes to your
                  | aid. [demonic ancestry]
  1190 | D:2      | Reached XP level 3. HP: 24/24 MP: 4/6
  1726 | D:2      | Gained mutation: You are partially covered in yellow
                  | scales. (AC +2) [demonic ancestry]
  1726 | D:2      | Reached XP level 4. HP: 30/30 MP: 5/8
  1745 | D:2      | Reached skill level 1 in Fighting
  2188 | D:2      | Learned a level 3 spell: Stone Arrow
  2324 | D:3      | Noticed a scorpion
  2335 | D:3      | Slain by a scorpion

Illustrated notes

Levels and vault maps discovered:
D:1:      dpeg_arrival_central, layout_loops_ring, serial_shops, shop,
          dreamdust_ecumenical_altar_grove
D:2:      layout_loops_ring
D:3:      layout_rooms, minmay_circle_x

Skill      XL: |  1  2  3  4 |
---------------+-------------+-----
Earth Magic    | 3 |  3.6
Stealth        | 2 |  2.0
Spellcasting   | 3 |  3.3
Fighting       | 1 |  1.0
Dodging        | 2 |  2.1
Unarmed Combat | |  0.1
Transmutations | |  0.8

Action                     |  1- 3 |  4- 6 || total
---------------------------+-------+-------++-------
  Melee: Unarmed           |     3 |       ||     3
         Dagger            |    13 |     5 ||    18
         Punch             |     1 |     1 ||     2
         Kick              |     1 |     2 ||     3
   Cast: Sandblast         |    54 |    31 ||    85
         Stone Arrow       |       |     2 ||     2
    Use: Scroll            |     2 |     2 ||     4
         Potion            |       |     2 ||     2
   Stab: Sleeping          |     4 |       ||     4
 Armour: Robe              |     7 |     7 ||    14
         Skin              |       |     2 ||     2
  Dodge: Dodged            |    28 |    34 ||    62
